 Dungeon Sprint DCSS version 0.29-a0-824-gd827844252 (webtiles) character file.

Game seed: 11770457521243977506

172 mhtbhm the Covered (level 5, 0/37 HPs)
             Began as a Gargoyle Fighter on July 10, 2022.
             Was a Believer of Qazlal.
             Slain by an orc
             ... wielding a +0 short sword
              (2 damage)
             ... in the Dungeon (Sprint VII: "The Pits").
             The game lasted 00:00:40 (229 turns).

mhtbhm the Covered (Gargoyle Fighter)                Turns: 229, Time: 00:00:40

Health: 0/37       AC: 11    Str: 21    XL:     5   Next: 53%
Magic:  5/5        EV:  9    Int:  9    God:    Qazlal [**....]
Gold:   0          SH:  8    Dex:  9    Spells: 4/4 levels left

rFire   . . .      SeeInvis .   a - +2 mace
rCold   . . .      Faith    .   c - +0 buckler
rNeg    + . .      Spirit   .   b - +0 scale mail
rPois   ∞          Reflect  .   (no helmet)
rElec   +          Harm     .   (no cloak)
rCorr   .          Rampage  .   (no gloves)
Will    .....      NoTele   +   (no boots)
Stlth   ..........              (no amulet)
HPRegen 0.12/turn               (no ring)
MPRegen 0.09/turn               (no ring)

@: on berserk cooldown, slowed, very slow
A: sickness immunity, AC +4, negative energy resistance 1, electricity
resistance, torment resistance 1, petrification resistance
a: Renounce Religion, Upheaval


You were in the Dungeon.
You worshipped Qazlal.
Qazlal was pleased with you.
You visited 1 branch

Inventory:

Hand Weapons
 a - a +2 mace (weapon)
Armour
 b - a +0 scale mail (worn)
 c - a +0 buckler (worn)
Scrolls
 j - a scroll of blinking
 l - 5 scrolls of amnesia
 m - a scroll of summoning
Potions
 d - a potion of might
 g - a potion of haste
 h - 4 potions of magic
 i - 2 potions of berserk rage
 k - 2 potions of invisibility


   Skills:
 + Level 6.8 Fighting
 + Level 5.0 Maces & Flails
 + Level 7.3 Armour
 + Level 0.3 Dodging
 + Level 6.6 Shields


You had 4 spell levels left.
You didn't know any spells.
Your spell library was empty.

Dungeon Overview and Level Annotations

Branches:
Dungeon (1/1)

Altars:
Ashenzari
Cheibriados
Dithmenos
Elyvilon
Fedhas
Gozag
Hepliaklqana
Kikubaaqudgha
Makhleb
Nemelex Xobeh
Okawaru
Qazlal
Ru
Sif Muna
Trog
Uskayaw
Vehumet
Wu Jian
Xom
Yredelemnul
Zin
The Shining One
Jiyva
Lugonu


Innate Abilities, Weirdness & Mutations

You are immune to sickness and miasma.
Your stone body is resilient. (AC +4)
You are immune to poison.
You resist negative energy. (rN+)
You are resistant to electric shocks. (rElec)
You are resistant to unholy torment.
You are immune to petrification.


Message History

Your Armour skill increases to level 7!
The orc priest hits you with a +0 trident.
The orc closely misses you.
You see here a scorpion corpse.
You thump the orc priest!
The orc priest is severely wounded.
You block the orc's attack. You block the orc priest's attack.
Unknown command.
You closely miss the orc priest.
The orc priest is severely wounded.
You closely miss the orc priest.
The orc priest is severely wounded.
The orc priest looks encouraged for a moment.
You block the orc's attack.
Unknown command.
You barely miss the orc priest.
The orc priest is severely wounded.
You are no longer berserk.
You are exhausted.
You feel yourself slow down.
The orc priest hits you but does no damage.
The orc hits you but does no damage.
You hit the orc priest.
The orc priest is almost dead.
The orc priest invokes the aid of Beogh against you.
Beogh smites you!
* * * LOW HITPOINT WARNING * * *
The orc hits you but does no damage. You block the orc priest's attack.
The orc hits you but does no damage.
You feel better. The orc priest closely misses you.
The orc hits you but does no damage.
A floating eye comes into view.
A quokka comes into view.
You aren't carrying any items that you can evoke.
Unknown command.
The orc priest hits you but does no damage.
The orc priest mumbles some strange prayers to Beogh against you.
Beogh smites you!
* * * LOW HITPOINT WARNING * * *
The orc hits you with a +0 short sword.
You die...

#.?(.')))'.##......#..
##########.##.........
#...........'.........
#+#####'#####......#..
#.....# #.........
#.....# ####'#####
###'### #.......#
#.....# #.......#
#.☼@o)# #.......#
####o## #...<...# .r..
#.......# G......
#.......#
##########.......#
#########


You could see an orc priest, an orc and a quokka.

Vanquished Creatures
  An orc warrior (D)
  A scorpion (D)
  An adder (D)
  An adder zombie (D)
  2 orcs (D)
  A bat zombie (D)
  A quokka (D)
  A ball python skeleton (D)
9 creatures vanquished.

Notes
Turn   | Place    | Note
-------+----------+-------------------------------------------
     0 | D        | mhtbhm the Gargoyle Fighter began the quest for the Orb.
     0 | D        | Reached XP level 1. HP: 14/14 MP: 1/1
    22 | D        | Found a bloodstained altar of Trog.
    22 | D        | Found a shimmering blue altar of Sif Muna.
    22 | D        | Found a viscous altar of Jiyva.
    22 | D        | Found a hazy altar of Hepliaklqana.
    22 | D        | Found an opulent altar of Gozag.
    48 | D        | Found a glowing golden altar of the Shining One.
    48 | D        | Found a glowing silver altar of Zin.
    48 | D        | Found a basalt altar of Yredelemnul.
    48 | D        | Found a shimmering altar of Xom.
    48 | D        | Found an ornate altar of the Wu Jian Council.
    48 | D        | Found a sacrificial altar of Ru.
    48 | D        | Found a stormy altar of Qazlal.
    48 | D        | Found an iron altar of Okawaru.
    48 | D        | Found a sparkling altar of Nemelex Xobeh.
    48 | D        | Found a burning altar of Makhleb.
    48 | D        | Found a blossoming altar of Fedhas.
    48 | D        | Found a white marble altar of Elyvilon.
    48 | D        | Found a shadowy altar of Dithmenos.
    48 | D        | Found a snail-covered altar of Cheibriados.
    50 | D        | Found a radiant altar of Vehumet.
    50 | D        | Found a corrupted altar of Lugonu.
    51 | D        | Found a hide-covered altar of Uskayaw.
    51 | D        | Found an ancient bone altar of Kikubaaqudgha.
    51 | D        | Found a broken altar of Ashenzari.
    57 | D        | Became a worshipper of Qazlal Stormbringer
   152 | D        | Reached * piety under Qazlal
   153 | D        | Reached skill level 4 in Armour
   153 | D        | Reached XP level 2. HP: 17/20 MP: 2/2
   208 | D        | Noticed a scorpion
   209 | D        | Reached ** piety under Qazlal
   210 | D        | Noticed an orc warrior
   217 | D        | Killed an orc warrior
   218 | D        | Reached skill level 6 in Armour
   218 | D        | Reached XP level 3. HP: 14/27 MP: 3/3
   218 | D        | Reached XP level 4. HP: 17/32 MP: 4/4
   218 | D        | Reached XP level 5. HP: 19/36 MP: 5/5
   222 | D        | Reached skill level 5 in Maces & Flails
   222 | D        | Reached skill level 7 in Armour
   228 | D        | Noticed a floating eye
   229 | D        | Slain by an orc

Illustrated notes

Levels and vault maps discovered:
D:        pitsprint [storerooms_1, entrance_room_1, metal_vault_3, armoury_1,
          mini_pit_1, grid_room_1, main_hall_1, silver_pit, the_coven_1,
          the_vestibule_1, steel_vault_3, golden_pit, hallway_of_sentries,
          crystal_vault_6, iron_vault_1, final_vault]

Skill      XL: |  1  2  3  4  5 |
---------------+----------------+-----
Fighting       | 4 6 |  6.8
Armour         | 4 6 7 |  7.3
Shields        | 4 6 |  6.6
Maces & Flails | 4 5 |  5.0
Dodging        | |  0.3

Action                   |  1- 3 |  4- 6 || total
-------------------------+-------+-------++-------
Melee: Mace              |    24 |     9 ||    33
       Flail             |     6 |       ||     6
  Use: Potion            |     2 |     1 ||     3
Armor: Scale mail        |    15 |     9 ||    24
Dodge: Dodged            |    24 |     5 ||    29
Block: Buckler           |     8 |     6 ||    14

Table legend: (Time is in decaauts)
 A = Elapsed time spent in this place.
 B = Non-inter-level travel time spent in this place.
 C = Inter-level travel time spent in this place.
 D = Time resting spent in this place.
 E = Time spent auto-exploring this place.
 F = Levels seen in this place.
 G = Mean time per level.
                   A        B        C        D        E       F      G
               +--------+--------+--------+--------+--------+-----+--------+
         Total |    235 |    235 |      0 |    109 |      0 |   1 |  235.0 |
       Dungeon |    235 |    235 |      0 |    109 |      0 |   1 |  235.0 |
               +--------+--------+--------+--------+--------+-----+--------+

Top non-repeatable levels by time:
       D: 235 daAuts
